 Dungeon Crawl Stone Soup version 0.30.1-4-g462c640d31 (webtiles) character file.

Game seed: 3039473557987132072

59 HagarQim the Firebug (level 4, -7/27 HPs)
             Began as an Octopode Fire Elementalist on Sept 6, 2023.
             Killed from afar by an orc wizard (8 damage)
             ... with a puff of flame
             ... on level 3 of the Dungeon.
             The game lasted 00:03:59 (1862 turns).

HagarQim the Firebug (Octopode Fire Elementalist)   Turns: 1862, Time: 00:04:00

Health: -7/27      AC:  1    Str:  7    XL:     4   Next: 3%
Magic:  1/7        EV: 13    Int: 19    God:
Gold:   74         SH:  0    Dex: 12    Spells: 3/7 levels left

rFire   . . .        c - +0 short sword (venom)
rCold   . . .        (no shield)
rNeg    . . .        (helmet restricted)
rPois   .            (no amulet)
rElec   .            (no ring)
rCorr   .            (no ring)
SInv    .            (no ring)
Will    .....        (no ring)
Stlth   +++          (no ring)
HPRegen 0.24/turn    (no ring)
MPRegen 0.10/turn    (no ring)
                     (no ring)

%: no passive effects
@: no status effects
A: almost no armour, amphibious, 8 rings, camouflage 1, gelatinous body 1,
(nimble swimmer 1), tentacles
a: no special abilities


You were on level 3 of the Dungeon.
You visited 1 branch of the dungeon, and saw 3 of its levels.

You collected 74 gold pieces.

Inventory:

Hand Weapons
 c - a +0 short sword of venom (weapon)
Missiles
 f - 5 poisoned darts
Scrolls
 e - a scroll of teleportation {unknown}
 h - a scroll of identify {unknown}
 i - a scroll of blinking {unknown}
Potions
 a - a potion of magic
 b - a potion of curing {unknown}
 g - 2 potions of brilliance {unknown}
 j - 2 potions of attraction {unknown}
 k - a potion of haste {unknown}


   Skills:
 + Level 0.4 Short Blades
 + Level 2.2 Dodging
 + Level 3.3 Stealth
 + Level 0.6 Unarmed Combat
 + Level 2.3 Spellcasting
 * Level 1.2 Conjurations
 + Level 3.8 Fire Magic


You had 3 spell levels left.
You knew the following spells:

 Your Spells              Type           Power      Damage    Failure   Level
a - Foxfire               Conj/Fire      44%        2x1d6     6%          1
b - Scorch                Fire           32%        2d6       4%          2
s - Sting                 Tmut/Pois      8%         1d3       17%         1

Your spell library contained the following spells:

 Spells                   Type           Power      Damage    Failure   Level
 Inner Flame              Hex/Fire       9%         N/A       22%         3
 Volatile Blastmotes      Fire/Tloc      18%        2d11      22%         3
 Poisonous Vapours        Pois/Air       4%         N/A       26%         2
 Flame Wave               Conj/Fire      11%        2d6       50%         4
 Olgreb's Toxic Radiance  Pois           2%         N/A       86%         4


Dungeon Overview and Level Annotations

Branches:
Dungeon (3/15)

Altars:

Shops:
D:2 :


Innate Abilities, Weirdness & Mutations

You cannot wear most types of armour.
You are amphibious.
You can wear up to eight rings at the same time.
Your skin changes colour to match your surroundings (Stealth+).
Your rubbery body absorbs attacks. (AC +1, EV +1)
((You are camouflaged when in or above water. (Stealth+)))
You have tentacles for arms and can constrict up to eight enemies at once.


Message History

You are confused.
The orc shouts!
Things that are here:
a +1 short sword of speed; a +0 leather armour; an orc corpse
There is a shaft here.
Unknown command.
You're too confused to move!
You closely miss the orc wizard.
The orc wizard is lightly wounded.
The orc wizard gestures wildly while chanting.
The orc wizard flickers and vanishes!
Deactivating autopickup; reactivate with Ctrl-A.
You're too confused to move!
Something hits you.
You barely miss something. The orc hits you with a +0 club. Something hits you.
You're too confused to cast spells.
You bump into the rock wall.
The orc hits you with a +0 club. Something hits you.
The orc attacks as you move away! The orc hits you with a +0 club.
* * * LOW HITPOINT WARNING * * *
The orc falls through a shaft!
The shaft crumbles and collapses.
You're too confused to move!
You feel less confused. Something hits you.
* * * LOW HITPOINT WARNING * * *
Something hits you.
* * * LOW HITPOINT WARNING * * *
Okay, then.
Unknown command.
Unknown command.
As you read the scroll labelled GOREOM SAIP, it crumbles to dust.
It is a scroll of brand weapon.
Your +0 short sword drips with poison.
c - a +0 short sword of venom (weapon)
Something hits you.
* * * LOW HITPOINT WARNING * * *
You miss something. Your squeeze misses something.
You hear some strange, mumbled words.
A puff of flame appears from out of thin air!
The puff of flame hits you!
You die...

# #. .♣♣♣♣ ... # #.#
.##.######.### #
#.......{@...##.####
....)..))...(......#
.##.########.##.##.
# #.# #†# #.# #
#######.##.#
...........#
.######.#####.#


There were no monsters in sight!

Vanquished Creatures
  2 adders (D:2)
  3 orcs (D:3)
  2 ball pythons
  3 giant cockroaches
  A goblin (D:1)
  8 hobgoblins
  A quokka (D:2)
  A bat (D:1)
  4 frilled lizards
  7 kobolds
  3 rats (D:1)
35 creatures vanquished.

Vanquished Creatures (others)
  21 foxfires
21 creatures vanquished.

Grand Total: 56 creatures vanquished

Notes
Turn   | Place    | Note
-------+----------+-------------------------------------------
     0 | D:1      | HagarQim the Octopode Fire Elementalist began the quest for
                  | the Orb.
     0 | D:1      | Reached XP level 1. HP: 11/11 MP: 3/3
   330 | D:1      | Reached XP level 2. HP: 17/17 MP: 5/5
   333 | D:1      | Learned a level 2 spell: Scorch
   745 | D:1      | Found a faded altar of an unknown god.
  1150 | D:2      | Reached XP level 3. HP: 15/21 MP: 6/6
  1327 | D:2      | Found Mirch's Vocational Training.
  1340 | D:2      | Identified the +2 robe of Ignis's Castigation {Str+3}
  1498 | D:2      | Learned a level 1 spell: Sting
  1846 | D:3      | Reached XP level 4. HP: 27/27 MP: 4/7
  1861 | D:3      | HP: 1/27 [something (2)]
  1862 | D:3      | Killed from afar by an orc wizard

Illustrated notes

Levels and vault maps discovered:
D:1:      scummos_arrival_star, layout_basic,
          hellmonk_ecumenical_altar_prayer_group, hangedman_abyss_or_decor_stabs
D:2:      layout_loops_ring, hangedman_decor_push, minivault_27,
          nicolae_shop_vocational
D:3:      layout_loops_ring, nrook_campfire, kennysheep_nub

Skill      XL: |  1  2 |
---------------+-------+-----
Stealth        | 3 |  3.3
Short Blades   | |  0.4
Dodging        | |  2.2
Unarmed Combat | |  0.6
Spellcasting   | |  2.3
Conjurations   | |  1.2
Fire Magic     | |  3.8

Action                     |  1- 3 |  4- 6 || total
---------------------------+-------+-------++-------
  Melee: Unarmed           |     9 |       ||     9
         Short sword       |    56 |     3 ||    59
         Constrict         |    18 |       ||    18
         Tentacles         |    14 |       ||    14
         Punch             |     1 |       ||     1
   Cast: Foxfire           |    14 |     2 ||    16
         Scorch            |     3 |     1 ||     4
    Use: Scroll            |       |     1 ||     1
   Stab: Sleeping          |     8 |       ||     8
 Armour: Skin              |     5 |       ||     5
  Dodge: Dodged            |    36 |       ||    36
